 Dungeon Crawl Stone Soup version 0.30-a0-862-g1aabd4f9c5 (webtiles) character file.

Game seed: 14963334607916042877

984 PimpSugar the Magician (level 7, -3/50 HPs)
             Began as a Demonspawn Hedge Wizard on Mar 9, 2023.
             Was a Believer of Vehumet.
             Succumbed to a redback's poison
             ... on level 5 of the Dungeon on Mar 10, 2023.
             The game lasted 00:19:40 (4654 turns).

PimpSugar the Magician (Demonspawn Hedge Wizard)    Turns: 4654, Time: 00:19:40

Health: -3/50      AC:  9    Str: 11    XL:     7   Next: 97%
Magic:  8/14       EV: 12    Int: 17    God:    Vehumet [**....]
Gold:   237        SH:  0    Dex: 12    Spells: 9/15 levels left

rFire   . . .      SeeInvis .    q - +4 quarterstaff (chaos)
rCold   + + .      Faith    .    (shield currently unavailable)
rNeg    . . .      Spirit   .    z - +1 leather armour {rC+}
rPois   .          Reflect  .    v - +0 helmet
rElec   .          Rampage  .    r - +1 cloak
rCorr   .                        (no gloves)
Will    .....                    (no boots)
Stlth   ++                       j - amulet of regeneration
HPRegen 1.08/turn                I - ring of protection from cold
MPRegen 0.28/turn                (no ring)

@: mighty, brilliant, lethally poisoned (-3 -> -34)
A: molten scales 1, foul stench 1, magic regeneration, weakness stinger 1
a: Renounce Religion


You were on level 5 of the Dungeon.
You worshipped Vehumet.
Vehumet was pleased with you.
You visited 1 branch of the dungeon, and saw 5 of its levels.

You collected 237 gold pieces.

Inventory:

Hand Weapons
 h - a +2 vampiric falchion
 q - a +4 quarterstaff of chaos (weapon)
 y - a +3 hand axe of venom
 J - the +9 whip of Capital Punishment {flame, rPois}
   (You found it on level 2 of the Dungeon)

   rPois:     It protects you from poison.
Missiles
 n - 33 stones
 B - 7 poisoned darts
Armour
 b - a +0 robe
 c - a +0 hat
 r - a +1 cloak (worn)
 t - the +7 Kryia's mail coat {PotionHeal*2 rC+}
   (You found it on level 4 of the Dungeon)

   PotionHeal*2: Potions heal its wearer twice as much.
   rC:        It protects you from cold.
 v - a +0 helmet (worn)
 z - a +1 leather armour of cold resistance (worn)
Jewellery
 j - an amulet of regeneration (around neck)
 I - a ring of protection from cold (left hand)
Wands
 p - a wand of polymorph (2)
 A - a wand of digging (3)
Scrolls
 e - 2 scrolls of enchant armour {unknown}
 f - 2 scrolls of amnesia {unknown}
 g - a scroll of teleportation {unknown}
 i - a scroll of butterflies {unknown}
 s - a scroll of silence {unknown}
 u - a scroll of vulnerability {unknown}
 x - a scroll of fog {unknown}
 E - a scroll of fear {unknown}
Potions
 d - a potion of magic
 k - 3 potions of cancellation
 l - a potion of brilliance
 w - a potion of degeneration {unknown}
 C - 2 potions of might
 D - a potion of ambrosia {unknown}
 F - 2 potions of haste {unknown}
 G - a potion of berserk rage {unknown}
 H - a potion of resistance {unknown}


   Skills:
 + Level 2.3 Fighting
 + Level 1.7 Staves
 + Level 2.8 Dodging
 + Level 3.2 Stealth
 * Level 4.7 Spellcasting
 * Level 3.8 Conjurations
 + Level 1.9 Hexes
 + Level 2.6 Summonings
 + Level 2.3 Translocations
 + Level 0.5 Fire Magic
 + Level 0.3 Air Magic
 + Level 1.9 Evocations


You had 9 spell levels left.
You knew the following spells:

 Your Spells              Type           Power      Damage    Failure   Level
a - Magic Dart            Conj           100%       1d8       4%          1
b - Call Imp              Summ           19%        N/A       10%         2
c - Slow                  Hex            64%        N/A       9%          1
d - Foxfire               Conj/Fire      68%        2x1d7     8%          1
e - Shock                 Conj/Air       64%        1d7       9%          1

Your spell library contained the following spells:

 Spells                   Type           Power      Damage    Failure   Level
 Blink                    Tloc           36%        N/A       11%         2
 Ensorcelled Hibernation  Hex/Ice        22%        N/A       21%         2
 Cigotuvi's Dreadful Rot  Necr/Pois/Air  12%        N/A       28%         2
 Passwall                 Tmut/Erth      5%         N/A       28%         2
 Mephitic Cloud           Conj/Pois/Air  13%        N/A       32%         3
 Swiftness                Air            7%         N/A       45%         3


Dungeon Overview and Level Annotations

Branches:
Dungeon (5/15)
 Temple: D:4-7

Altars:
Vehumet

Annotations:
D:5 2 runed translucent doors


Innate Abilities, Weirdness & Mutations

You are partially covered in molten scales. (AC +2)
You may rarely emit foul miasma when damaged in melee.
You regenerate magic rapidly.
You have a small tail.


Message History

The zap hits the scorpion.
The scorpion is severely wounded.
The zap hits the scorpion.
The scorpion is lightly wounded.
The zap hits the water moccasin.
The water moccasin is lightly wounded.
The redback misses you.
Casting: Shock (safe; 9% risk of failure)
Confirm with . or Enter, or press ? or * to list all spells.
You feel a surge of power!
A beastly little devil appears in a puff of flame.
The redback completely misses you. The redback bites you!
You are lethally poisoned!
The redback poisons you!
Casting: Call Imp (safe; 10% risk of failure)
Confirm with . or Enter, or press ? or * to list all spells.
Aiming: Shock (safe; 9% risk of failure)
Press: ? - help, Shift-Dir - straight line You feel a surge of power!
The zap hits the redback.
The redback is almost dead.
The zap misses the scorpion.
The zap hits the scorpion.
The scorpion is lightly wounded.
The zap hits the adder!
The adder is severely wounded.
* * * LOW HITPOINT WARNING * * *
You feel extremely sick. The redback closely misses you.
Casting: Shock (safe; 9% risk of failure)
Confirm with . or Enter, or press ? or * to list all spells.
Aiming: Shock (safe; 9% risk of failure)
Press: ? - help, Shift-Dir - straight line You feel a surge of power!
The zap hits the redback.
The redback is almost dead.
The zap hits the scorpion but does no damage.
The scorpion is severely wounded.
The zap hits the scorpion.
The scorpion is moderately wounded.
The zap hits the water moccasin.
The water moccasin is lightly wounded.
You die...

..?...........#.......
.<.####........#......
#..######........ #
##.##....##....... .
#..#.....+##...... #.
#.##s....#y##.....
#.##.#ss...##yy###...
##..#.###s###yy.y.####
#...5@ssss?[#yy..yy+)#
#....##.###S###y....####
#... #.#sS.s.##..###...
#.. #.##..s..#.##.....
## #.. ....+##...... ##.
.S..##....... ..
#####........ #. ..
.......... ##
...........


You could see a water moccasin, a redback (ally target), 4 scorpions and a
friendly crimson imp (summoned).

Vanquished Creatures
  Duvessa (D:4)
  An orc warrior (D:4)
  An ogre (D:4)
  A bullfrog (D:4)
  2 scorpions (D:5)
  Dowan (D:4)
  A jelly (D:4)
  2 orc priests (D:4)
  A sleepcap (D:4)
  Crazy Yiuf (D:2)
  Terence (D:2)
  4 orc wizards
  3 gnolls (D:3)
  3 adders
  A worm (D:2)
  4 dart slugs
  21 orcs
  6 endoplasms
  A giant cockroach (D:3)
  3 goblins
  5 hobgoblins
  5 kobolds
  4 quokkas
  5 ball pythons
  14 bats
  4 frilled lizards
  5 rats
101 creatures vanquished.

Vanquished Creatures (collateral kills)
  Jessica (D:2)
  An adder (D:2)
  A bat (D:2)
  A hobgoblin (D:2)
  A quokka (D:2)
5 creatures vanquished.

Vanquished Creatures (others)
  99 foxfires
99 creatures vanquished.

Grand Total: 205 creatures vanquished

Notes
Turn   | Place    | Note
-------+----------+-------------------------------------------
     0 | D:1      | PimpSugar the Demonspawn Hedge Wizard began the quest for
                  | the Orb.
     0 | D:1      | Reached XP level 1. HP: 13/13 MP: 4/4
   157 | D:1      | Reached skill level 1 in Translocations
   390 | D:1      | Found a faded altar of an unknown god.
   396 | D:1      | Gained mutation: You may rarely emit foul miasma when
                  | damaged in melee. [demonic ancestry]
   396 | D:1      | Reached XP level 2. HP: 19/19 MP: 1/6
  1073 | D:1      | Learned a level 2 spell: Call Imp
  1372 | D:2      | Gained mutation: You regenerate magic rapidly. [demonic
                  | ancestry]
  1372 | D:2      | Reached XP level 3. HP: 25/25 MP: 3/7
  1375 | D:2      | Learned a level 1 spell: Slow
  1407 | D:2      | Found a radiant altar of Vehumet.
  1417 | D:2      | Became a worshipper of Vehumet
  1756 | D:2      | Noticed Jessica
  1776 | D:2      | Killed Jessica
  1777 | D:2      | Reached skill level 1 in Fighting
  1777 | D:2      | Gained mutation: You are partially covered in molten
                  | scales. (AC +2) [demonic ancestry]
  1777 | D:2      | Reached XP level 4. HP: 15/32 MP: 9/9
  1974 | D:2      | Found a runed translucent door.
  1975 | D:2      | Noticed Crazy Yiuf
  1992 | D:2      | Killed Crazy Yiuf
  2164 | D:2      | You fall into a shaft and drop 2 floors!
  2182 | D:4      | Noticed an ogre
  2202 | D:4      | Killed an ogre
  2203 | D:4      | Reached XP level 5. HP: 37/37 MP: 2/10
  2247 | D:4      | Found the +7 Kryia's mail coat {PotionHeal*2 rC+}
  2421 | D:4      | Noticed Duvessa
  2422 | D:4      | Noticed Dowan
  2434 | D:4      | Killed Duvessa
  2435 | D:4      | Gained mutation: You have a small tail. [demonic ancestry]
  2435 | D:4      | Reached XP level 6. HP: 25/43 MP: 11/11
  2436 | D:4      | Killed Dowan
  2437 | D:4      | Reached skill level 4 in Spellcasting
  2437 | D:4      | Reached skill level 1 in Hexes
  2437 | D:4      | Reached skill level 1 in Evocations
  2463 | D:4      | Reached skill level 1 in Staves
  2659 | D:4      | Noticed an orc warrior
  2675 | D:4      | Reached * piety under Vehumet
  2675 | D:4      | Offered knowledge of Foxfire by Vehumet.
  2676 | D:4      | Reached XP level 7. HP: 25/49 MP: 13/13
  2731 | D:4      | Learned a level 1 spell: Foxfire
  3427 | D:3      | Reached ** piety under Vehumet
  3832 | D:2      | Noticed Terence
  3843 | D:2      | Offered knowledge of Shock by Vehumet.
  3849 | D:2      | Killed Terence
  3911 | D:2      | Identified the +9 whip of Capital Punishment {flame, rPois}
  4555 | D:5      | Entered Level 5 of the Dungeon
  4576 | D:5      | Found the +9 staff of Olgreb {rPois∞}
  4602 | D:5      | Noticed a redback
  4603 | D:5      | Found a runed translucent gate.
  4603 | D:5      | Found a runed translucent gate.
  4603 | D:5      | Noticed a redback
  4604 | D:5      | Found a runed translucent door.
  4621 | D:5      | Found a runed translucent gate.
  4623 | D:5      | Noticed a redback
  4628 | D:5      | Learned a level 1 spell: Shock
  4628 | D:5      | Found a runed translucent door.
  4654 | D:5      | Succumbed to a redback's poison

Illustrated notes

Levels and vault maps discovered:
D:1:      dpeg_arrival_tiny_c, layout_basic,
          shapermc_ecumenical_altar_mp_highgroup, columned_hall_lemuel,
          corner_web_ring
D:2:      kennysheep_six_static_rooms, layout_loops_corners, basic_altar,
          uniq_terence, uniq_crazy_yiuf_cottage, uniq_jessica
D:3:      layout_loops_ring, minivault_11
D:4:      layout_gridville, uniq_duvessa
D:5:      minmay_inner_zag, layout_cave_pods, minmay_temple_entry_junction,
          serial_column_ruins, column_ruins_hut_pillars,
          column_ruins_columns_dead_end, column_ruins_grid_1,
          column_ruins_columns_corner, column_ruins_open_small,
          column_ruins_columns_straight, skrybe_limestone_x,
          minmay_guarded_unrand_staff_of_olgreb

Skill      XL: |  1  2  3  4  5  6  7 |
---------------+----------------------+-----
Translocations | 1 2 |  2.3
Stealth        | 2 3 |  3.2
Dodging        | 2 |  2.8
Fighting       | 1 2 |  2.3
Conjurations   | 2 3 |  3.8
Summonings     | 2 |  2.6
Spellcasting   | 4 |  4.7
Hexes          | 1 |  1.9
Evocations     | 1 |  1.9
Staves         | 1 |  1.7
Fire Magic     | |  0.5
Air Magic      | |  0.3

Action                     |  1- 3 |  4- 6 |  7- 9 || total
---------------------------+-------+-------+-------++-------
  Melee: Dagger            |    37 |     2 |       ||    39
         Quarterstaff      |       |    74 |    57 ||   131
         Tailslap          |       |     6 |     5 ||    11
   Cast: Magic Dart        |    47 |    13 |     6 ||    66
         Call Imp          |     4 |     5 |     4 ||    13
         Slow              |       |    15 |       ||    15
         Foxfire           |       |       |    69 ||    69
         Shock             |       |       |     8 ||     8
    Use: Potion            |       |     3 |     4 ||     7
         Scroll            |       |       |     4 ||     4
   Stab: Distracted        |       |     2 |       ||     2
         Confused          |       |     1 |       ||     1
 Armour: Robe              |    12 |    10 |       ||    22
         Scale mail        |       |    56 |     2 ||    58
         Leather armour    |       |       |    27 ||    27
  Dodge: Dodged            |    34 |    59 |    53 ||   146

Table legend: (Time is in decaauts)
 A = Elapsed time spent in this place.
 B = Non-inter-level travel time spent in this place.
 C = Inter-level travel time spent in this place.
 D = Time resting spent in this place.
 E = Time spent auto-exploring this place.
 F = Levels seen in this place.
 G = Mean time per level.
                   A        B        C        D        E       F      G
               +--------+--------+--------+--------+--------+-----+--------+
         Total |   4686 |   4068 |    618 |     88 |   2531 |   5 |  937.2 |
       Dungeon |   4686 |   4068 |    618 |     88 |   2531 |   5 |  937.2 |
               +--------+--------+--------+--------+--------+-----+--------+

Top non-repeatable levels by time:
     D:2: 1424 daAuts
     D:1: 1318 daAuts
     D:3: 947 daAuts
     D:4: 896 daAuts
     D:5: 99 daAuts
